 Dungeon Crawl Stone Soup version 0.15.2 (webtiles) character file.

1297 Heini the Protected (level 8, -5/73 HPs)
             Began as a Minotaur Fighter on Mar 1, 2015.
             Was a Believer of Okawaru.
             Killed from afar by Dowan (10 damage)
             ... with a shard of ice
             ... on Level 5 of the Dungeon.
             The game lasted 00:09:25 (2771 turns).

Heini the Protected (Minotaur Fighter)              Turns: 2771, Time: 00:09:25

HP  -5/73        AC 17     Str 28      XL: 8   Next: 31%
MP   3/3         EV  5     Int  5      God: Okawaru [**....]
Gold 159         SH 10     Dex 10      Spells:  0 memorised,  7 levels left

rFire  . . .     SeeInvis .     a - +1 flail
rCold  . . .     Clarity  .     i - +0 plate armour
rNeg   . . .     rCorr    .     c - +0 shield
rPois  .         rRot     .     (helmet restricted)
rElec  .         Spirit   .     (no cloak)
SustAb .         Warding  .     k - +1 pair of gloves
rMut   .         Stasis   .     h - +0 pair of boots
Gourm  .                        (no amulet)
MR     .....                    (no ring)
                                (no ring)

@: mighty, not resistant to hostile enchantments, extremely unstealthy
A: retaliatory headbutt, horns 2
a: Heroism, Renounce Religion


You were on level 5 of the Dungeon.
You worshipped Okawaru.
Okawaru was pleased with you.
You were not hungry.

You visited 2 branches of the dungeon, and saw 6 of its levels.
You also visited: Sewer.

You collected 159 gold pieces.

Inventory:

Hand weapons
 a - a +1 flail (weapon)
Armour
 c - a +0 shield (worn)
 h - a +0 pair of boots (worn)
 i - a +0 plate armour (worn)
 k - a +1 pair of gloves (worn)
Magical devices
 e - a wand of polymorph (5) {unknown}
Comestibles
 d - 2 bread rations
 f - a royal jelly
 j - 8 fruits
 p - 3 rotting chunks of orc flesh
 s - a meat ration
 z - a slice of pizza
Scrolls
 o - a scroll of magic mapping
 q - a scroll of recharging
 t - a scroll of remove curse
 v - a scroll of blinking
 x - 3 scrolls of teleportation
 y - a scroll of identify
 A - a scroll of fear
 B - a scroll of enchant armour
Potions
 b - a potion of poison
 g - a potion of heal wounds {unknown}
 l - a potion of lignification
 m - a potion of cancellation
 n - 2 potions of curing {unknown}
 u - a potion of magic {unknown}
 w - a potion of brilliance
Books
 r - a book of Power

   Spells                             Type                      Level
   Fulminant Prism                    Conjuration/Hexes            4
   Iskenderun's Mystic Blast          Conjuration                  4
   Venom Bolt                         Conjuration/Poison           5
   Bolt of Magma                      Conjuration/Fire/Earth       5
   Iron Shot                          Conjuration/Earth            6
   Orb of Destruction                 Conjuration                  7


   Skills:
 * Level 7.2 Fighting
 * Level 7.6 Maces & Flails
 * Level 8.3 Armour
 - Level 3.6 Shields


You had 7 spell levels left.
You didn't know any spells.

Dungeon Overview and Level Annotations

Branches:
Dungeon (5/15)             Temple (1/1) D:4

Altars:
Ashenzari
Elyvilon
Fedhas
Makhleb
Nemelex Xobeh
Okawaru
Qazlal
Sif Muna
Trog
Vehumet
Xom
Yredelemnul
The Shining One

Annotations:
D:5 Dowan


Innate Abilities, Weirdness & Mutations

You reflexively headbutt those who attack you in melee.
You have a pair of horns on your head.


Message History

* * * LOW HITPOINT WARNING * * *
You block Dowan's attack.
You are too injured to fight recklessly!
You are too injured to fight recklessly!
You are too injured to fight recklessly!
You are too injured to fight recklessly!
You closely miss Dowan. Dowan gestures at you while chanting.
The stone arrow hits you!
* * * LOW HITPOINT WARNING * * *
Dowan barely misses you.
You thump Dowan!
Dowan is moderately wounded.
Dowan casts a spell.
Dowan blinks!
Dowan shakes with grief.
Dowan hits you but does no damage.
Something hits Dowan.
Dowan points at you and mumbles some strange words.
The shard of ice hits you!
You die...

###).##### ..pp.....#
#........# #......!.# # #
#........#..
#.###.ยง........#
#...p.........#
####p.##..###.# ##
##.#@..###.#
..###)e.#.....#
..#...)....###
#...###....## #########..#
#.....#
##......<....####.....#
......................#####
...........<...............
...(........##..##...#####.


You could see Dowan.

Vanquished Creatures
  Pikel (D:5)
  The ghost of SaintRoka the Insei, an average DrTm (D:3)
  2 ogres (D:4)
  Duvessa (D:5)
  A centaur zombie (D:5)
  A centaur skeleton (D:4)
  5 worker ants
  2 orc wizards (D:4)
  3 gnolls (D:4)
  5 adders
  A green rat (Sewer)
  4 giant mites (D:4)
  An inept item mimic (Sewer)
  A worm (D:2)
  An orc skeleton (D:4)
  5 giant geckos
  7 orcs (D:4)
  10 goblins
  6 hobgoblins
  5 jackals
  9 kobolds
  3 ball pythons (Sewer)
  15 bats
  10 giant cockroaches
  9 giant newts
  A giant newt skeleton (D:5)
  2 quokkas
  11 rats
123 creatures vanquished.

Vanquished Creatures (others)
  An orc (D:5)
1 creature vanquished.

Grand Total: 124 creatures vanquished

Notes
Turn   | Place    | Note
--------------------------------------------------------------
     0 | D:1      | Heini, the Minotaur Fighter, began the quest for the Orb.
     0 | D:1      | Reached XP level 1. HP: 19/19 MP: 1/1
    81 | D:1      | Reached XP level 2. HP: 17/27 MP: 1/1
   163 | D:1      | Reached skill level 4 in Armour
   689 | D:2      | Reached XP level 3. HP: 33/33 MP: 2/2
  1047 | D:3      | Reached XP level 4. HP: 41/41 MP: 2/2
  1158 | D:3      | Noticed SaintRoka's ghost (average DrTm)
  1176 | D:3      | Killed SaintRoka's ghost
  1176 | D:3      | Reached skill level 5 in Fighting
  1176 | D:3      | Reached skill level 5 in Armour
  1176 | D:3      | Reached XP level 5. HP: 41/48 MP: 2/2
  1453 | D:4      | Reached skill level 6 in Armour
  1453 | D:4      | Reached XP level 6. HP: 54/56 MP: 3/3
  1518 | D:4      | Found a staircase to the Ecumenical Temple.
  1527 | Temple   | Entered the Ecumenical Temple
  1541 | Temple   | Became a worshipper of Warmaster Okawaru
  1741 | D:4      | Noticed an ogre
  1751 | D:4      | Killed an ogre
  1751 | D:4      | Reached skill level 5 in Maces & Flails
  1845 | D:4      | Found a glowing drain.
  1855 | D:4      | Reached XP level 7. HP: 26/63 MP: 3/3
  1865 | Sewer    | Entered a sewer
  2505 | D:4      | Reached skill level 7 in Armour
  2531 | D:4      | Noticed an ogre
  2539 | D:4      | Killed an ogre
  2563 | D:5      | Entered Level 5 of the Dungeon
  2713 | D:5      | Acquired Okawaru's first power
  2737 | D:5      | Noticed Pikel
  2741 | D:5      | Noticed Duvessa
  2753 | D:5      | Killed Pikel
  2753 | D:5      | Reached skill level 8 in Armour
  2753 | D:5      | Reached XP level 8. HP: 32/73 MP: 3/3
  2757 | D:5      | Killed Duvessa
  2763 | D:5      | Noticed Dowan
  2771 | D:5      | Killed from afar by Dowan

Action                   |  1- 3 |  4- 6 |  7- 9 || total
-------------------------+-------+-------+-------++-------
Melee: Flail             |   126 |   131 |   105 ||   362
  Use: Scroll            |     3 |     7 |     2 ||    12
       Potion            |       |       |     1 ||     1
  Eat: Chunk             |       |     4 |     3 ||     7
